[ AOE2 MATCH · #495724549 ]
UnrankedKhmer vs Magyars
Player's team · LOSS
Rival team · WIN
[ REPLAY ANALYSIS · EXTRACTED FROM THE RECORDED GAME ]
Feudal
11:43
Castle
20:11
Imperial
42:27
| APM avg | 48.0 |
| APM peak | 96 |
| eAPM avg | 29.5 |
| Villagers / military | 182 / 169 |
Focus
⚔️ 33.3% · 🌾 66.7%
Scout Cavalry ×107 · Scorpion ×32 · Knight ×18 · Monk ×5 · Trebuchet (Packed) ×4 · Battering Ram ×2
Feudal
8:50
Castle
20:24
Imperial
40:58
| APM avg | 53.2 |
| APM peak | 122 |
| eAPM avg | 29.0 |
| Villagers / military | 147 / 129 |
Focus
⚔️ 44.5% · 🌾 55.5%
Cavalry Archer ×64 · Magyar Huszar ×31 · Knight ×11 · Monk ×7 · Mangonel ×5 · Trebuchet (Packed) ×4
Match map
Initial resources + every placement click. Lines = walls · curves = elevation contours. ◆ gold · ⬟ stone · ● berries · ✦ relic · ◌ wall gap
Your base· ✓ Closed at 20:11 · 84t walls · 2 gate(s)
LEGAL's base· ✓ Closed at 20:24 · 30t walls · 1 gate(s)
Smoothed initial terrain · ◌ = detected wall gap · hover for details
Inputs per minute
— [DDocs] Dr.Elektrostuhl - - LEGAL
Build order — [DDocs] Dr.Elektrostuhl
First 150 of 515 actions detected
| 0:00 | Queue | Villager (Male) ×4 |
| 0:02 | Build | House |
| 0:03 | Build | House |
| 1:20 | Queue | Villager (Male) |
| 2:07 | Queue | Villager (Male) |
| 2:16 | Queue | Villager (Male) |
| 2:30 | Queue | Villager (Male) |
| 2:39 | Build | Lumber Camp |
| 3:08 | Queue | Villager (Male) |
| 3:25 | Build | House |
| 3:46 | Queue | Villager (Male) |
| 4:16 | Build | Mill |
| 4:33 | Queue | Villager (Male) |
| 4:33 | Queue | Villager (Male) |
| 4:33 | Queue | Villager (Male) |
| 4:35 | Queue | Villager (Male) |
| 4:35 | Queue | Villager (Male) |
| 4:58 | Build | House |
| 5:00 | Build | Palisade Wall |
| 5:27 | Build | Palisade Wall |
| 5:29 | Build | Palisade Wall |
| 5:52 | Queue | Villager (Male) |
| 6:04 | Build | House |
| 6:05 | Build | Palisade Wall |
| 6:08 | Queue | Villager (Male) |
| 6:30 | Queue | Villager (Male) |
| 6:40 | Queue | Villager (Male) |
| 6:43 | Queue | Villager (Male) |
| 7:02 | Build | Palisade Wall |
| 7:03 | Queue | Villager (Male) |
| 7:13 | Build | House |
| 7:15 | Build | Palisade Wall |
| 7:22 | Build | Palisade Wall |
| 7:32 | Build | House |
| 7:37 | Queue | Villager (Male) |
| 8:33 | Build | Palisade Wall |
| 8:51 | Research | Loom |
| 9:17 | Build | Mining Camp |
| 9:25 | Research | Feudal Age |
| 9:35 | Build | Palisade Wall |
| 9:43 | Build | Palisade Wall |
| 10:33 | Build | House |
| 10:52 | Build | Palisade Wall |
| 11:42 | Queue | Villager (Male) |
| 11:43 | Age | Feudal Age |
| 11:44 | Queue | Villager (Male) |
| 11:57 | Build | Farm |
| 12:01 | Build | House |
| 12:03 | Build | House |
| 12:07 | Build | Farm |
| 12:13 | Build | Watch Tower |
| 12:18 | Build | Farm |
| 12:19 | Queue | Villager (Male) |
| 12:33 | Build | Palisade Wall |
| 12:47 | Build | House |
| 12:49 | Build | House |
| 13:00 | Queue | Villager (Male) |
| 13:21 | Build | Farm |
| 13:30 | Queue | Villager (Male) |
| 13:30 | Queue | Villager (Male) |
| 13:36 | Build | Palisade Gate |
| 13:37 | Build | House |
| 13:49 | Queue | Villager (Male) |
| 14:00 | Build | Farm |
| 14:03 | Research | Double-Bit Axe |
| 14:04 | Queue | Villager (Male) |
| 14:26 | Queue | Villager (Male) |
| 14:40 | Build | Farm |
| 15:06 | Build | Lumber Camp |
| 15:26 | Queue | Villager (Male) |
| 15:28 | Build | Farm |
| 15:42 | Build | Farm |
| 15:51 | Build | Farm |
| 15:56 | Build | Farm |
| 16:06 | Queue | Villager (Male) |
| 16:07 | Queue | Villager (Male) |
| 16:10 | Build | Farm |
| 16:15 | Build | Farm |
| 16:22 | Build | Farm |
| 16:33 | Queue | Villager (Male) |
| 16:36 | Research | Horse Collar |
| 16:40 | Build | Farm |
| 17:04 | Build | Farm |
| 17:16 | Build | Farm |
| 17:31 | Research | Castle Age |
| 18:07 | Build | Stable |
| 18:17 | Build | Blacksmith |
| 18:37 | Build | Farm |
| 18:45 | Build | Farm |
| 18:47 | Build | Farm |
| 19:03 | Queue | Scout Cavalry |
| 19:03 | Queue | Scout Cavalry |
| 19:03 | Queue | Scout Cavalry |
| 19:05 | Research | Scale Barding Armor |
| 19:13 | Research | Bloodlines |
| 19:15 | Queue | Scout Cavalry |
| 19:16 | Queue | Scout Cavalry |
| 19:38 | Build | Farm |
| 19:42 | Build | Farm |
| 19:59 | Build | Palisade Gate |
| 20:11 | Age | Castle Age |
| 20:18 | Build | Town Center |
| 20:20 | Research | Bow Saw |
| 20:22 | Research | Light Cavalry (upgrade) |
| 20:37 | Research | Forging |
| 20:37 | Queue | Villager (Male) |
| 20:54 | Queue | Villager (Male) |
| 21:03 | Queue | Villager (Male) |
| 21:25 | Queue | Villager (Male) |
| 21:30 | Build | Monastery |
| 21:32 | Build | Farm |
| 21:32 | Queue | Villager (Male) |
| 21:34 | Queue | Villager (Male) |
| 21:35 | Queue | Villager (Male) |
| 21:41 | Queue | Scout Cavalry |
| 21:41 | Queue | Scout Cavalry |
| 21:44 | Queue | Villager (Male) |
| 21:47 | Build | Farm |
| 21:48 | Build | Farm |
| 22:02 | Queue | Villager (Male) |
| 22:03 | Queue | Villager (Male) |
| 22:06 | Queue | Villager (Male) |
| 22:07 | Build | Farm |
| 22:20 | Queue | Scout Cavalry |
| 22:20 | Queue | Scout Cavalry |
| 22:23 | Queue | Monk |
| 22:23 | Queue | Monk |
| 22:39 | Research | Husbandry |
| 22:41 | Queue | Villager (Male) |
| 22:43 | Build | Siege Workshop |
| 22:49 | Build | Siege Workshop |
| 23:05 | Queue | Knight |
| 23:07 | Build | Farm |
| 23:12 | Queue | Villager (Male) |
| 23:12 | Queue | Villager (Male) |
| 23:21 | Queue | Villager (Male) |
| 23:25 | Queue | Villager (Male) |
| 23:29 | Build | Outpost |
| 23:31 | Research | Town Watch |
| 23:47 | Queue | Scout Cavalry |
| 23:47 | Queue | Scout Cavalry |
| 23:47 | Queue | Scout Cavalry |
| 23:53 | Queue | Scorpion |
| 23:53 | Queue | Scorpion |
| 23:53 | Queue | Scorpion |
| 24:05 | Queue | Villager (Male) |
| 24:20 | Build | Town Center |
| 24:27 | Queue | Villager (Male) |
| 24:31 | Queue | Scorpion |
| 24:31 | Queue | Scout Cavalry |
Build order — LEGAL
First 150 of 447 actions detected
| 0:00 | Queue | Villager (Male) |
| 0:00 | Queue | Villager (Male) |
| 0:01 | Queue | Villager (Male) |
| 0:02 | Build | House |
| 0:02 | Build | House |
| 0:07 | Queue | Villager (Male) |
| 1:22 | Queue | Villager (Male) |
| 1:52 | Build | Lumber Camp |
| 1:58 | Queue | Villager (Male) |
| 2:19 | Queue | Villager (Male) |
| 2:36 | Build | House |
| 2:45 | Queue | Villager (Male) |
| 3:01 | Queue | Villager (Male) |
| 3:25 | Queue | Villager (Male) |
| 3:41 | Queue | Villager (Male) |
| 4:06 | Queue | Villager (Male) |
| 4:32 | Queue | Villager (Male) |
| 4:58 | Queue | Villager (Male) |
| 5:11 | Build | Barracks |
| 5:39 | Build | House |
| 5:42 | Queue | Villager (Male) |
| 5:42 | Research | Loom |
| 6:38 | Research | Feudal Age |
| 6:49 | Queue | Militia |
| 6:57 | Build | House |
| 6:58 | Build | Palisade Wall |
| 7:08 | Queue | Militia |
| 7:32 | Queue | Militia |
| 8:20 | Build | Mill |
| 8:41 | Build | House |
| 8:44 | Queue | Villager (Male) |
| 8:50 | Age | Feudal Age |
| 8:51 | Research | Man-at-Arms (upgrade) |
| 8:52 | Queue | Villager (Male) |
| 9:00 | Build | Watch Tower |
| 9:14 | Build | Farm |
| 9:16 | Build | Farm |
| 9:18 | Queue | Villager (Male) |
| 9:26 | Build | House |
| 9:59 | Queue | Villager (Male) |
| 10:05 | Research | Horse Collar |
| 10:08 | Research | Double-Bit Axe |
| 10:48 | Build | House |
| 10:51 | Queue | Villager (Male) |
| 11:09 | Queue | Villager (Male) |
| 11:34 | Build | Archery Range |
| 11:35 | Queue | Villager (Male) |
| 11:36 | Build | Mining Camp |
| 11:38 | Build | Farm |
| 11:51 | Build | Farm |
| 11:55 | Queue | Villager (Male) |
| 12:16 | Build | Farm |
| 12:25 | Build | House |
| 12:26 | Queue | Villager (Male) |
| 12:54 | Queue | Villager (Male) |
| 12:56 | Build | House |
| 13:02 | Queue | Villager (Male) |
| 13:04 | Queue | Archer |
| 13:20 | Queue | Villager (Male) |
| 13:25 | Build | Blacksmith |
| 13:35 | Build | Mining Camp |
| 13:36 | Queue | Archer |
| 13:37 | Queue | Villager (Male) |
| 13:57 | Queue | Villager (Male) |
| 14:02 | Build | House |
| 14:09 | Build | Palisade Wall |
| 14:14 | Build | Palisade Wall |
| 14:15 | Queue | Archer |
| 14:17 | Queue | Villager (Male) |
| 14:39 | Build | Market |
| 14:41 | Build | Palisade Wall |
| 14:45 | Build | Palisade Wall |
| 14:46 | Build | Palisade Wall |
| 15:23 | Queue | Villager (Male) |
| 15:31 | Build | Farm |
| 15:31 | Build | Farm |
| 15:32 | Build | Farm |
| 15:44 | Build | House |
| 15:52 | Queue | Villager (Male) |
| 15:54 | Build | Farm |
| 16:16 | Queue | Villager (Male) |
| 16:20 | Build | Farm |
| 16:40 | Build | Farm |
| 16:43 | Queue | Villager (Male) |
| 17:03 | Build | Farm |
| 17:07 | Queue | Villager (Male) |
| 17:13 | Build | Farm |
| 17:44 | Research | Castle Age |
| 17:53 | Build | Archery Range |
| 18:13 | Research | Horse Collar |
| 18:25 | Build | Stable |
| 18:37 | Research | Fletching |
| 19:05 | Build | Palisade Gate |
| 19:34 | Queue | Scout Cavalry |
| 20:16 | Queue | Villager (Male) |
| 20:24 | Age | Castle Age |
| 20:31 | Build | Monastery |
| 20:34 | Build | House |
| 20:38 | Build | House |
| 20:40 | Queue | Villager (Male) |
| 20:43 | Research | Bow Saw |
| 20:45 | Queue | Cavalry Archer |
| 20:45 | Queue | Cavalry Archer |
| 20:58 | Queue | Cavalry Archer |
| 20:59 | Queue | Cavalry Archer |
| 21:00 | Queue | Villager (Male) |
| 21:05 | Queue | Monk |
| 21:09 | Queue | Villager (Male) |
| 21:40 | Queue | Villager (Male) |
| 21:45 | Build | Town Center |
| 21:51 | Queue | Cavalry Archer |
| 21:51 | Queue | Cavalry Archer |
| 21:55 | Queue | Villager (Male) |
| 22:13 | Queue | Cavalry Archer |
| 22:13 | Queue | Cavalry Archer |
| 22:17 | Research | Padded Archer Armor |
| 22:18 | Queue | Villager (Male) |
| 22:30 | Queue | Cavalry Archer |
| 22:34 | Queue | Villager (Male) |
| 22:43 | Research | Husbandry |
| 22:44 | Research | Husbandry |
| 22:46 | Queue | Cavalry Archer |
| 23:00 | Queue | Cavalry Archer |
| 23:01 | Queue | Villager (Male) |
| 23:02 | Queue | Villager (Male) |
| 23:05 | Build | House |
| 23:07 | Build | Farm |
| 23:11 | Build | Farm |
| 23:11 | Build | Farm |
| 23:12 | Build | Farm |
| 23:44 | Queue | Villager (Male) |
| 23:44 | Queue | Villager (Male) |
| 24:00 | Queue | Monk |
| 24:03 | Queue | Villager (Male) |
| 24:03 | Queue | Villager (Male) |
| 24:12 | Queue | Villager (Male) |
| 24:14 | Build | Farm |
| 24:14 | Build | Farm |
| 24:15 | Build | Farm |
| 24:15 | Build | Farm |
| 24:18 | Build | Lumber Camp |
| 24:20 | Build | House |
| 24:36 | Research | Bodkin Arrow |
| 24:43 | Queue | Cavalry Archer |
| 24:44 | Queue | Cavalry Archer |
| 24:44 | Queue | Villager (Male) |
| 24:44 | Queue | Villager (Male) |
| 24:46 | Build | Farm |
| 24:59 | Build | Farm |
| 25:00 | Build | Farm |
Match timeline
| 5:00 | [DDocs] Dr.Elektrostuhl · wall_segment Palisade Wall x7 |
| 5:11 | LEGAL · first_building Barracks |
| 5:27 | [DDocs] Dr.Elektrostuhl · wall_segment Palisade Wall x1 |
| 5:29 | [DDocs] Dr.Elektrostuhl · wall_segment Palisade Wall x10 |
| 6:05 | [DDocs] Dr.Elektrostuhl · wall_segment Palisade Wall x18 |
| 6:58 | LEGAL · wall_segment Palisade Wall x3 |
| 7:02 | [DDocs] Dr.Elektrostuhl · wall_segment Palisade Wall x7 |
| 7:15 | [DDocs] Dr.Elektrostuhl · wall_segment Palisade Wall x3 |
| 7:22 | [DDocs] Dr.Elektrostuhl · wall_segment Palisade Wall x14 |
| 8:33 | [DDocs] Dr.Elektrostuhl · wall_segment Palisade Wall x8 |
| 8:50 | LEGAL · age_up feudal |
| 9:35 | [DDocs] Dr.Elektrostuhl · wall_segment Palisade Wall x4 |
| 9:43 | [DDocs] Dr.Elektrostuhl · wall_segment Palisade Wall x10 |
| 10:52 | [DDocs] Dr.Elektrostuhl · wall_segment Palisade Wall x8 |
| 11:34 | LEGAL · first_building Archery Range |
| 11:43 | [DDocs] Dr.Elektrostuhl · age_up feudal |
| 12:33 | [DDocs] Dr.Elektrostuhl · wall_segment Palisade Wall x2 |
| 14:09 | LEGAL · wall_segment Palisade Wall x8 |
| 14:14 | LEGAL · wall_segment Palisade Wall x9 |
| 14:41 | LEGAL · wall_segment Palisade Wall x2 |
| 14:45 | LEGAL · wall_segment Palisade Wall x6 |
| 14:46 | LEGAL · wall_segment Palisade Wall x2 |
| 16:21 | LEGAL · first_market_buy 100 food |
| 16:57 | LEGAL · first_market_sell 100 stone |
| 18:07 | [DDocs] Dr.Elektrostuhl · first_building Stable |
| 18:25 | LEGAL · first_building Stable |
| 20:11 | [DDocs] Dr.Elektrostuhl · age_up castle |
| 20:24 | LEGAL · age_up castle |
| 20:31 | LEGAL · first_building Monastery |
| 21:30 | [DDocs] Dr.Elektrostuhl · first_building Monastery |
| 22:43 | [DDocs] Dr.Elektrostuhl · first_building Siege Workshop |
| 26:49 | LEGAL · first_building Siege Workshop |
| 30:06 | LEGAL · first_building Castle |
| 34:17 | [DDocs] Dr.Elektrostuhl · first_building Castle |
| 39:14 | [DDocs] Dr.Elektrostuhl · first_market_sell 100 food |
| 40:58 | LEGAL · age_up imperial |
| 42:27 | [DDocs] Dr.Elektrostuhl · age_up imperial |
| 43:08 | [DDocs] Dr.Elektrostuhl · first_market_buy 100 wood |
| 44:08 | [DDocs] Dr.Elektrostuhl · wall_segment Stone Wall x12 |
| 44:14 | [DDocs] Dr.Elektrostuhl · wall_segment Stone Wall x16 |
| 46:29 | [DDocs] Dr.Elektrostuhl · resign |
[ AI ANALYSIS · 1 CREDIT ]
What really happened in this match?
Wolo.gg analyzes every decision: build order, eco, micro, common mistakes by bracket. Personalized analysis on WhatsApp or Discord in 30 seconds.
Civ guide
Khmer
Perfil
Jugador #9055688